 Dungeon Crawl Stone Soup version 0.28.0-45-g0d030f2227 (webtiles) character file.

Game seed: 16181866328176322805

21 Romesagentofchaos the Sneak (level 2, -1/22 HPs)
             Began as a Demonspawn Brigand on Apr 15, 2022.
             Slain by an adder (3 damage)
             ... on level 2 of the Dungeon.
             The game lasted 00:03:47 (1169 turns).

Romesagentofchaos the Sneak (Demonspawn Brigand)    Turns: 1169, Time: 00:03:48

Health: -1/22      AC:  4    Str: 11    XL:     2   Next: 65%
Magic:  2/2        EV:  8    Int: 12    God:
Gold:   38         SH:  0    Dex: 14    Spells: 1/1 levels left

rFire   . . .      SeeInvis .   a - +2 dagger
rCold   . . .      Faith    .   (no shield)
rNeg    . . .      Spirit   .   b - +0 robe
rPois   .          Reflect  .   (no helmet)
rElec   .          Harm     .   c - +0 cloak
rCorr   .          Rampage  .   (no gloves)
Will    .....                   (no boots)
Stlth   +++.......              (no amulet)
HPRegen 0.07/turn               (no ring)
MPRegen 0.08/turn               (no ring)

@: constricted
A: sharp scales 1
a: no special abilities


You were on level 2 of the Dungeon.
You visited 1 branch of the dungeon, and saw 2 of its levels.

You collected 38 gold pieces.

Inventory:

Hand Weapons
 a - a +2 dagger (weapon)
Missiles
 d - 8 poisoned darts (quivered)
 e - 2 curare-tipped darts
Armour
 b - a +0 robe (worn)
 c - a +0 cloak (worn)


   Skills:
 + Level 2.0 Fighting
 + Level 2.1 Short Blades
 + Level 1.7 Throwing
 + Level 1.0 Dodging
 + Level 4.2 Stealth


You had one spell level left.
You didn't know any spells.
Your spell library was empty.

Dungeon Overview and Level Annotations

Branches:
Dungeon (2/15)

Altars:
Makhleb


Innate Abilities, Weirdness & Mutations

You are partially covered in razor-sharp scales. (AC +1, Slay +1)


Message History

You barely miss the jackal.
The jackal is almost dead.
The jackal bites you but does no damage. x2
The jackal misses you.
You barely miss the jackal.
The jackal is almost dead.
The jackal misses you. The jackal bites you. The jackal bites you.
A quokka comes into view.
The jackal barely misses you. The jackal bites you.
You hit the jackal.
You kill the jackal!
The jackal misses you.
You puncture the ball python!
You kill the ball python!
The ball python closely misses you. The ball python barely misses you.
The jackal bites you but does no damage.
You barely miss the ball python.
The adder hisses angrily.
The ball python barely misses you. x2; The jackal misses you.
The jackal closely misses you. The ball python bites you.
* * * LOW HITPOINT WARNING * * *
The ball python grabs you. The ball python constricts you.
The ball python's grasp on you weakens, but your attempt to escape fails.
The jackal closely misses you. The ball python barely misses you.
The ball python constricts you.
You escape the ball python's grasp.
A ball python comes into view.
You hit the jackal.
You kill the jackal!
Your Dodging skill increases to level 1!
You barely miss the ball python. The ball python closely misses you.
The ball python grabs you. The ball python constricts you.
You barely miss the adder. The adder bites you.
* * * LOW HITPOINT WARNING * * *
The ball python bites you but does no damage.
The ball python constricts you.
The quokka bites you but does no damage.
The adder bites you.
You die...

...#.........#
###
.#.#.....#..##
....
.............
....#.#|._.....#
#..#.......S..#
#...........#
#...†#.....####
#..#..rS.......
#.....S@.......
#.#.#.......###
........<...##
###$#.###........
#.#. ##....... .
#. ....... ## ##
....... .......
.......


You could see an adder, a quokka and 2 ball pythons.

Vanquished Creatures
  2 ball pythons
  An endoplasm (D:1)
  A giant cockroach (D:1)
  3 goblins (D:1)
  A hobgoblin (D:1)
  3 jackals (D:2)
  A quokka (D:1)
  2 bats (D:1)
  3 frilled lizards (D:1)
  A kobold (D:1)
  2 rats (D:1)
20 creatures vanquished.

Notes
Turn   | Place    | Note
-------+----------+-------------------------------------------
     0 | D:1      | Romesagentofchaos the Demonspawn Brigand began the quest
                  | for the Orb.
     0 | D:1      | Reached XP level 1. HP: 16/16 MP: 1/1
    42 | D:1      | Found a faded altar of an unknown god.
   331 | D:1      | Reached skill level 4 in Stealth
   340 | D:1      | Gained mutation: You are partially covered in razor-sharp
                  | scales. (AC +1, Slay +1) [demonic ancestry]
   340 | D:1      | Reached XP level 2. HP: 17/22 MP: 2/2
  1147 | D:2      | Found a burning altar of Makhleb.
  1168 | D:2      | Reached skill level 1 in Dodging
  1169 | D:2      | Slain by an adder

Illustrated notes

Levels and vault maps discovered:
D:1:      lightli_arrival_farm, layout_basic, chequers_ecumenical_altar_simple,
          nicolae_figureground_pulse
D:2:      layout_loops_ring, basic_altar

Skill      XL: |  1  2 |
---------------+-------+-----
Stealth        | 4 |  4.2
Short Blades   | 2 |  2.1
Dodging        | 1 |  1.0
Fighting       | |  2.0
Throwing       | |  1.7

Action                   || total
-------------------------++-------
Melee: Dagger            ||    53
       Punch             ||     1
  Use: Potion            ||     2
       Scroll            ||     2
 Stab: Sleeping          ||     4
Armor: Robe              ||    17
Dodge: Dodged            ||    34
